SAA
BETHESDA ATOMS @ TACOMA FUR TRADERS
08/28/2028
 
TOP OF THE 1ST
Bethesda Atoms batting - Pitching for Tacoma Fur Traders : RHP Iván Vázquez
Pitching: RHP Iván Vázquez
Batting: RHB Héctor Amador 0-0: Foul Ball, location: 2F
0-1: Foul Ball, location: 2F
0-2: Foul Ball, location: 2F
0-2: Strikes out swinging
Batting: RHB Patrick Eggen 0-0: Ball
1-0: Called Strike
1-1: Fly out, F9 (Flyball, 89M)
Batting: RHB Albert Zamudio 0-0: Ground out 6-3 (Groundball, 6)
Top of the 1st over - 0 run(s), 0 hit(s), 0 error(s), 0 left on base; Bethesda 0 - Tacoma 0
BOTTOM OF THE 1ST
Tacoma Fur Traders batting - Pitching for Bethesda Atoms : RHP Vincent O'Higgin
Pitching: RHP Vincent O'Higgin
Batting: RHB Trevor O'Herlihy 0-0: Foul Ball, location: 2F
0-1: Ball
1-1: SINGLE (Groundball, 34D)
Batting: LHB Ryan Marken 0-0: Called Strike
0-1: Foul Ball, location: 2F
0-2: Ball
1-2: Foul Ball, location: 2F
1-2: SINGLE (Line Drive, 6D)
Trevor O'Herlihy to second
Batting: RHB Ken Bone 0-0: Ball
1-0: Ball
2-0: Called Strike
2-1: Foul Ball, location: 2F
2-2: Ball
3-2: Base on Balls
Trevor O'Herlihy to third
Ryan Marken to second
Batting: RHB Tim Lehman 0-0: Ball
1-0: Ball
2-0: Ball
3-0: Called Strike
3-1: Base on Balls
Trevor O'Herlihy scores
Ryan Marken to third
Ken Bone to second
Batting: SHB Carlos Alicea 0-0: Called Strike
0-1: Ball
1-1: Ball
2-1: Foul Ball, location: 2F
2-2: Ball
3-2: Base on Balls
Ryan Marken scores
Ken Bone to third
Tim Lehman to second
Batting: RHB Nick Boyd 0-0: Called Strike
0-1: Called Strike
0-2: Ball
1-2: Ball
2-2: Foul Ball, location: 2F
2-2: Strikes out looking
Batting: RHB Gustavo González 0-0: Ball
1-0: Foul Ball, location: 2F
1-1: Swinging Strike
1-2: Foul Ball, location: 2F
1-2: Ball
2-2: Foul Ball, location: 2F
2-2: SINGLE (Line Drive, 4MD)
Ken Bone scores
Tim Lehman to third
Carlos Alicea to second
Runner from 3rd tries for Home, throw and OUT!
Batting: RHB Carlos Correa 0-0: Called Strike
0-1: Fly out, F8 (Flyball, 8LD)
Bottom of the 1st over - 3 run(s), 3 hit(s), 0 error(s), 2 left on base; Bethesda 0 - Tacoma 3
TOP OF THE 2ND
Bethesda Atoms batting - Pitching for Tacoma Fur Traders : RHP Iván Vázquez
Batting: SHB Nuygen Vuong 0-0: Ball
1-0: Called Strike
1-1: Ball
2-1: Called Strike
2-2: Ball
3-2: Fly out, F8 (Flyball, 78D)
Batting: RHB Carlos Deleón 0-0: Ball
1-0: Ground out 5-3 (Groundball, 56)
Batting: SHB Pedro Ortega 0-0: Ball
1-0: Called Strike
1-1: Foul Ball, location: 2F
1-2: Foul Ball, location: 2F
1-2: Strikes out looking
Top of the 2nd over - 0 run(s), 0 hit(s), 0 error(s), 0 left on base; Bethesda 0 - Tacoma 3
BOTTOM OF THE 2ND
Tacoma Fur Traders batting - Pitching for Bethesda Atoms : RHP Vincent O'Higgin
Batting: RHB Roberto Aguirre 0-0: Ball
1-0: Foul Ball, location: 2F
1-1: Fly out, F7 (Flyball, 78M)
Batting: RHB Trevor O'Herlihy 0-0: Called Strike
0-1: Ball
1-1: Ball
2-1: Called Strike
2-2: Fly out, F7 (Flyball, 78S)
Batting: LHB Ryan Marken 0-0: Called Strike
0-1: Foul Ball, location: 2F
0-2: Strikes out looking
Bottom of the 2nd over - 0 run(s), 0 hit(s), 0 error(s), 0 left on base; Bethesda 0 - Tacoma 3
TOP OF THE 3RD
Bethesda Atoms batting - Pitching for Tacoma Fur Traders : RHP Iván Vázquez
Batting: RHB Carlos León 0-0: Called Strike
0-1: Called Strike
0-2: Ball
1-2: Ball
2-2: Foul Ball, location: 2F
2-2: Ball
3-2: Base on Balls
Batting: RHB Renato Zuvic 0-0: Ball
Carlos León steals 2nd base
1-0: Ground out U3 (Groundball, 34)
Carlos León to third
Batting: RHB Raúl Francisco 0-0: Ball
1-0: Ball
2-0: Called Strike
2-1: Called Strike
2-2: Strikes out swinging
Batting: RHB Héctor Amador 0-0: Foul Ball, location: 2F
0-1: Ball
1-1: Foul Ball, location: 2F
1-2: Ball
2-2: Ball
3-2: Foul Ball, location: 2F
3-2: Strikes out swinging, 2-3 out at first.
Top of the 3rd over - 0 run(s), 0 hit(s), 0 error(s), 1 left on base; Bethesda 0 - Tacoma 3
BOTTOM OF THE 3RD
Tacoma Fur Traders batting - Pitching for Bethesda Atoms : RHP Vincent O'Higgin
Batting: RHB Ken Bone 0-0: Ground out 5-3 (Groundball, 5)
Batting: RHB Tim Lehman 0-0: Foul Ball, location: 2F
0-1: Ball
1-1: Ground out 4-3 (Groundball, 4)
Batting: SHB Carlos Alicea 0-0: Called Strike
0-1: Ball
1-1: Swinging Strike
1-2: Strikes out swinging
Bottom of the 3rd over - 0 run(s), 0 hit(s), 0 error(s), 0 left on base; Bethesda 0 - Tacoma 3
TOP OF THE 4TH
Bethesda Atoms batting - Pitching for Tacoma Fur Traders : RHP Iván Vázquez
Batting: RHB Patrick Eggen 0-0: Ball
1-0: Ball
2-0: Called Strike
2-1: Foul Ball, location: 2F
2-2: Ball
3-2: Fly out, F8 (Flyball, 8LM)
Batting: RHB Albert Zamudio 0-0: Called Strike
0-1: Foul Ball, location: 2F
0-2: Ball
1-2: Ground out 6-3 (Groundball, 56)
Batting: SHB Nuygen Vuong 0-0: Fly out, F1 (Popup, P)
Top of the 4th over - 0 run(s), 0 hit(s), 0 error(s), 0 left on base; Bethesda 0 - Tacoma 3
BOTTOM OF THE 4TH
Tacoma Fur Traders batting - Pitching for Bethesda Atoms : RHP Vincent O'Higgin
Batting: RHB Nick Boyd 0-0: Ball
1-0: Ball
2-0: Foul Ball, location: 2F
2-1: Foul Ball, location: 2F
2-2: Foul Ball, location: 2F
2-2: Ball
3-2: Ground out 4-3 (Groundball, 4)
Batting: RHB Gustavo González 0-0: Ball
1-0: Ball
2-0: Ball
3-0: Base on Balls
Batting: RHB Carlos Correa 0-0: Ball
1-0: Ball
2-0: Swinging Strike
2-1: Fly out, F7 (Line Drive, 7S)
Batting: RHB Roberto Aguirre 0-0: Ball
1-0: Called Strike
1-1: SINGLE (Flyball, 7S)
Gustavo González to second
Batting: RHB Trevor O'Herlihy 0-0: Fly out, F9 (Flyball, 9D)
Bottom of the 4th over - 0 run(s), 1 hit(s), 0 error(s), 2 left on base; Bethesda 0 - Tacoma 3
TOP OF THE 5TH
Bethesda Atoms batting - Pitching for Tacoma Fur Traders : RHP Iván Vázquez
Batting: RHB Carlos Deleón 0-0: Ball
1-0: Ball
2-0: Fly out, F9 (Flyball, 9S)
Batting: SHB Pedro Ortega 0-0: Ball
1-0: SINGLE (Groundball, 34D)
Batting: RHB Carlos León 0-0: Ball
1-0: Ball
2-0: Ball
3-0: Called Strike
3-1: Called Strike
Pedro Ortega is caught stealing 2nd base
3-2: Foul Ball, location: 2F
3-2: SINGLE (Groundball, 34D)
Batting: RHB Renato Zuvic 0-0: Ball
1-0: Ball
2-0: Swinging Strike
2-1: Fly out, F9 (Flyball, 89M)
Top of the 5th over - 0 run(s), 2 hit(s), 0 error(s), 1 left on base; Bethesda 0 - Tacoma 3
BOTTOM OF THE 5TH
Tacoma Fur Traders batting - Pitching for Bethesda Atoms : RHP Vincent O'Higgin
Batting: LHB Ryan Marken 0-0: Ground out 4-3 (Groundball, 4)
Batting: RHB Ken Bone 0-0: Ball
1-0: Fly out, F9 (Flyball, 9LMF)
Batting: RHB Tim Lehman 0-0: Called Strike
0-1: Ground out U3 (Groundball, 3S)
Bottom of the 5th over - 0 run(s), 0 hit(s), 0 error(s), 0 left on base; Bethesda 0 - Tacoma 3
TOP OF THE 6TH
Bethesda Atoms batting - Pitching for Tacoma Fur Traders : RHP Iván Vázquez
Batting: RHB Raúl Francisco 0-0: Ball
1-0: Swinging Strike
1-1: Swinging Strike
1-2: Strikes out swinging
Batting: RHB Héctor Amador 0-0: Called Strike
0-1: Ball
1-1: Bunted foul
1-2: Strikes out looking
Batting: RHB Patrick Eggen 0-0: Ball
1-0: Called Strike
1-1: Swinging Strike
1-2: Ball
2-2: Strikes out swinging
Top of the 6th over - 0 run(s), 0 hit(s), 0 error(s), 0 left on base; Bethesda 0 - Tacoma 3
BOTTOM OF THE 6TH
Tacoma Fur Traders batting - Pitching for Bethesda Atoms : RHP Vincent O'Higgin
Batting: SHB Carlos Alicea 0-0: Ball
1-0: Called Strike
1-1: Called Strike
1-2: Fly out, F9 (Flyball, 9)
Batting: RHB Nick Boyd 0-0: Ball
1-0: Called Strike
1-1: Swinging Strike
1-2: Ball
2-2: Ball
3-2: SINGLE (Line Drive, 4MD)
Batting: RHB Gustavo González 0-0: SINGLE (Groundball, 6MD)
Nick Boyd to second
Runner from 2nd tries for 3rd, SAFE, no throw
Batting: RHB Carlos Correa 0-0: Called Strike
0-1: Foul Ball, location: 2F
0-2: Ball
1-2: Fly out, F7 (Line Drive, 7)
Runner from 3rd tags up, SCORES, throw made
Batting: RHB Roberto Aguirre 0-0: Called Strike
0-1: Called Strike
0-2: Foul Ball, location: 2F
0-2: Ball
1-2: Ball
2-2: Fly out, F9 (Flyball, 9S)
Bottom of the 6th over - 1 run(s), 2 hit(s), 0 error(s), 1 left on base; Bethesda 0 - Tacoma 4
TOP OF THE 7TH
Bethesda Atoms batting - Pitching for Tacoma Fur Traders : RHP Iván Vázquez
Batting: RHB Albert Zamudio 0-0: Called Strike
0-1: Foul Ball, location: 2F
0-2: Ball
1-2: Ball
2-2: Ball
3-2: Strikes out looking
Batting: SHB Nuygen Vuong 0-0: Ball
1-0: Foul Ball, location: 2F
1-1: Ground out 6-3 (Groundball, 6)
Batting: RHB Carlos Deleón 0-0: Ground out 6-3 (Groundball, 6)
Top of the 7th over - 0 run(s), 0 hit(s), 0 error(s), 0 left on base; Bethesda 0 - Tacoma 4
BOTTOM OF THE 7TH
Tacoma Fur Traders batting - Pitching for Bethesda Atoms : RHP Vincent O'Higgin
Batting: RHB Trevor O'Herlihy 0-0: Foul Ball, location: 2F
0-1: Called Strike
0-2: Ball
1-2: Fly out, F9 (Flyball, 9)
Batting: LHB Ryan Marken 0-0: Ball
1-0: Ball
2-0: Ball
3-0: Swinging Strike
3-1: Called Strike
3-2: Base on Balls
Batting: RHB Ken Bone 0-0: SINGLE (Groundball, 34D)
Ryan Marken to second
Runner from 2nd tries for 3rd, SAFE, throw made to third
Pitching: RHP Alonso Ruíz
Batting: RHB Tim Lehman 0-0: Reached on error, E5 (Groundball, 5)
Ryan Marken scores
Ken Bone to second
Batting: SHB Carlos Alicea 0-0: Called Strike
0-1: SINGLE (Groundball, 34D)
Ken Bone to third
Tim Lehman to second
Batting: RHB Nick Boyd 0-0: Foul Ball, location: 2F
0-1: Foul Ball, location: 2F
0-2: Ball
1-2: Foul Ball, location: 2F
1-2: Foul Ball, location: 2F
1-2: Foul Ball, location: 2F
1-2: Foul Ball, location: 2F
1-2: Ball
2-2: Foul Ball, location: 2F
2-2: Ball
3-2: SINGLE (Line Drive, 78M)
Ken Bone scores
Tim Lehman to third
Carlos Alicea to second
Batting: RHB Gustavo González 0-0: Grounds into double play, 5-4-3 (Groundball, 56)
Bottom of the 7th over - 2 run(s), 3 hit(s), 1 error(s), 2 left on base; Bethesda 0 - Tacoma 6
TOP OF THE 8TH
Bethesda Atoms batting - Pitching for Tacoma Fur Traders : RHP Iván Vázquez
Batting: SHB Pedro Ortega 0-0: Ball
1-0: Called Strike
1-1: Foul Ball, location: 2F
1-2: Ball
2-2: Strikes out swinging
Batting: RHB Carlos León 0-0: Called Strike
0-1: Foul Ball, location: 2F
0-2: Foul Ball, location: 2F
0-2: Foul Ball, location: 2F
0-2: Strikes out swinging
Batting: RHB Renato Zuvic 0-0: Ground out 5-3 (Groundball, 56)
Top of the 8th over - 0 run(s), 0 hit(s), 0 error(s), 0 left on base; Bethesda 0 - Tacoma 6
BOTTOM OF THE 8TH
Tacoma Fur Traders batting - Pitching for Bethesda Atoms : RHP Alonso Ruíz
Batting: RHB Carlos Correa 0-0: Called Strike
0-1: SINGLE (Groundball, 56D)
Batting: RHB Roberto Aguirre 0-0: Called Strike
0-1: Fly out, F6 (Line Drive, 6MD)
Batting: RHB Trevor O'Herlihy 0-0: Ball
1-0: Ball
2-0: Called Strike
2-1: Ball
3-1: Foul Ball, location: 2F
3-2: DOUBLE (Flyball, 78D)
Carlos Correa to third
Carlos Correa scores
Batting: LHB Ryan Marken 0-0: Called Strike
0-1: Ball
1-1: Ball
2-1: Ball
3-1: Base on Balls
Batting: RHB Ken Bone 0-0: Ball
1-0: Foul Ball, location: 2F
1-1: Ball
2-1: Called Strike
2-2: Foul Ball, location: 2F
2-2: Ball
3-2: Strikes out swinging
Batting: RHB Tim Lehman 0-0: Ball
1-0: Called Strike
1-1: Foul Ball, location: 2F
1-2: Foul Ball, location: 2F
1-2: Ball
2-2: Foul Ball, location: 2F
2-2: Strikes out swinging
Bottom of the 8th over - 1 run(s), 2 hit(s), 0 error(s), 2 left on base; Bethesda 0 - Tacoma 7
TOP OF THE 9TH
Bethesda Atoms batting - Pitching for Tacoma Fur Traders : RHP Iván Vázquez
Batting: RHB Raúl Francisco 0-0: Ball
1-0: Ball
2-0: Ball
3-0: Called Strike
3-1: Base on Balls
Batting: RHB Héctor Amador 0-0: Fly out, F8 (Flyball, 8RM)
Batting: RHB Patrick Eggen 0-0: Called Strike
0-1: Ball
1-1: Fielders Choice at 2nd, 1-6 (Groundball, 13S)
Pitching: RHP Baker Mayfield
Batting: RHB Albert Zamudio 0-0: Foul Ball, location: 2F
0-1: Fielders Choice at 2nd, 5-4 (Groundball, 56)
Top of the 9th over - 0 run(s), 0 hit(s), 0 error(s), 0 left on base; Bethesda 0 - Tacoma 7
Wednesday, August 30th, 2017 - OOTP Baseball 17.12 Build 75